 Dungeon Crawl Stone Soup version 0.22-a0-185-ge330310 (webtiles) character file.

56 Gorglomux the Cudgeler (level 4, 0/33 HPs)
             Began as a Human Skald on Feb 15, 2018.
             Succumbed to an adder's poison
             ... on level 2 of the Dungeon.
             The game lasted 00:03:12 (1674 turns).

Gorglomux the Cudgeler (Human Skald)                Turns: 1674, Time: 00:03:13

Health: 0/33       AC:  3    Str: 17    XL:     4   Next: 17%
Magic:  3/7        EV: 12    Int: 13    God:
Gold:   28         SH:  4    Dex: 13    Spells: 3/7 levels left

rFire    + . .     SeeInvis .   a - +0 mace
rCold    + . .     Gourm    .   f - +0 buckler
rNeg     . . .     Faith    .   b - +0 leather armour
rPois    +         Spirit   .   (no helmet)
rElec    +         Reflect  .   (no cloak)
rCorr    +         Harm     .   (no gloves)
MR       .....                  (no boots)
Stlth    +.........             (no amulet)
HPRegen  0.11/turn              (no ring)
MPRegen  0.10/turn              (no ring)

@: mighty, lethally poisoned (0 -> -2), resistant, very slightly contaminated
A: no striking features
a: no special abilities


You were on level 2 of the Dungeon.
You were not hungry.

You visited 1 branch of the dungeon, and saw 2 of its levels.

You collected 28 gold pieces.

Inventory:

Hand Weapons
 a - a +0 mace (weapon)
Armour
 b - a +0 leather armour (worn)
 f - a +0 buckler (worn)
Jewellery
 c - an uncursed ring of protection from cold
 m - a cursed ring of teleportation {unknown}
Books
 g - a book of Battle

   Spells                             Type                      Level
   a - Infusion                       Charms                       1
   b - Shroud of Golubria             Charms/Translocation         2
   c - Song of Slaying                Charms                       2
   d - Spectral Weapon                Hexes/Charms                 3
   e - Regeneration                   Charms/Necromancy            3
Comestibles
 d - 4 rations
 n - a chunk of flesh


   Skills:
 - Level 2.0 Fighting
 + Level 3.3 Maces & Flails
 - Level 1.0 Armour
 - Level 2.0 Dodging
 - Level 2.1 Shields
 - Level 2.0 Spellcasting
 - Level 3.0 Charms


You had 3 spell levels left.
You knew the following spells:

 Your Spells              Type           Power        Failure   Level  Hunger
a - Infusion              Chrm           #...         12%         1    ##.....
R - Regeneration          Chrm/Necr      #.........   54%         3    ####...


Dungeon Overview and Level Annotations

Branches:
Dungeon (2/15)

Altars:
Cheibriados

Annotations:
D:2 Natasha


Message History

You feel sick!
Casting: Regeneration (quite dangerous; 54% risk of failure)
Confirm with ! or Enter, or press ? or * to list all spells!
You don't have enough magic to cast that spell!
You aren't carrying any potions!
Unknown command!
Sorry, you're not good enough to have a special ability!
Unknown command! * * * don'butt die
* * * You feel sick! * * * don't die
* * * You feel sick! * * * don't die
* * * You feel sick! * * * don't die
* * * Butt feel sick!
Found 11 poisoned needles! * * * don't die
* * * You feel sick! rip

#(.# ### #..# ..## #..#
#.##. #..#
#.##.###..#.###.## #.#
...#..#.#....
#.#.##.####.#..#.#.#.#
#.....@........#.#.#.##
###.##.####.##.#.#.#.#.
#.# #.##.#.#.#.#. #.#
#.##.#.#.#.#. #.#
#.##........†
#............#.#.#.##
#..#.#.....#.#.#.#.#
#..#.###...........#
#..#...............#


There were no monsters in sight!

Vanquished Creatures
  4 adders (D:2)
  A dart slug (D:2)
  2 leopard geckos
  2 giant cockroaches (D:1)
  A goblin (D:1)
  2 hobgoblins (D:2)
  2 bats
  3 kobolds (D:2)
  3 rats
20 creatures vanquished.

Notes
Turn   | Place    | Note
-------+----------+-------------------------------------------
     0 | D:1      | Gorglomux the Human Skald began the quest for the Orb.
     0 | D:1      | Reached XP level 1. HP: 16/16 MP: 3/3
   193 | D:1      | Reached XP level 2. HP: 21/22 MP: 3/5
   216 | D:1      | Reached skill level 1 in Shields
   599 | D:2      | Noticed Natasha
   606 | D:2      | Noticed a crimson imp
   942 | D:2      | Reached XP level 3. HP: 21/27 MP: 2/6
  1377 | D:2      | Reached skill level 3 in Maces & Flails
  1548 | D:2      | Found a snail-covered altar of Cheibriados.
  1649 | D:2      | Reached XP level 4. HP: 13/33 MP: 3/7
  1659 | D:2      | Learned a level 3 spell: Regeneration
  1667 | D:2      | HP: 1/33 [poisoned by an adder]
  1674 | D:2      | Succumbed to an adder's poison

Vault maps used:
D:1:      scummos_arrival_hexagon
D:2:      nicolae_overflow_crystal_walls, uniq_natasha

Skill      XL: |  1  2  3 |
---------------+----------+-----
Shields        | 1 2 |  2.1
Maces & Flails | 3 |  3.3
Fighting       | |  2.0
Armour         | |  1.0
Dodging        | |  2.0
Spellcasting   | |  2.0
Charms         | |  3.0

Action                   |  1- 3 |  4- 6 || total
-------------------------+-------+-------++-------
Melee: Mace              |    60 |       ||    60
 Cast: Infusion          |    15 |       ||    15
  Use: Scroll            |       |     2 ||     2
       Potion            |       |     2 ||     2
  Eat: Chunk             |     3 |       ||     3
Armor: Leather armour    |    14 |       ||    14
Dodge: Dodged            |    35 |       ||    35
Block: Buckler           |     1 |       ||     1

Table legend:
 A = Spawn XP
 B = Non-spawn XP
 C = Spawn XP percentage of total XP
 D = Spawn monster count
 E = Non-spawn monster count
 F = Spawn count percentage of total count
 G = Total turns spent on level
                    A         B        C        D         E        F      G
               +---------+---------+-------+---------+---------+-------+---------
         Total |       0 |      81 |   0.0 |       0 |      20 |   0.0 |  1674
               +---------+---------+-------+---------+---------+-------+---------
           D:1 |       0 |      12 |   0.0 |       0 |       7 |   0.0 |   638
           D:2 |       0 |      69 |   0.0 |       0 |      13 |   0.0 |  1036
               +---------+---------+-------+---------+---------+-------+---------
